 Dungeon Crawl Stone Soup version 0.18.1-8-gdd0e5ea (webtiles) character file.

289 Dickchan the Changer (level 6, -9/51 HPs)
             Began as a Naga Transmuter on June 9, 2016.
             Mangled by a scorpion (10 damage)
             ... on level 4 of the Dungeon.
             The game lasted 00:20:37 (5193 turns).

Dickchan the Changer (Naga Transmuter)              Turns: 5193, Time: 00:20:38

Health: -9/51      AC:  2    Str: 14    XL:     6   Next: 31%
Magic:  0/9        EV: 19    Int: 14    God:
Gold:   192        SH:  0    Dex: 16    Spells: 3 memorised, 3 levels left

rFire  . . .     SeeInvis +       - Unarmed
rCold  . . .     Gourm    .     (armour currently unavailable)
rNeg   . . .     Faith    .     (shield currently unavailable)
rPois  x         Spirit   +     (helmet currently unavailable)
rElec  .         Dismiss  .     (cloak currently unavailable)
rCorr  .         Reflect  .     (gloves currently unavailable)
SustAt .         Harm     .     (no barding)
MR     .....                    j - amulet of guardian spirit
Stlth  +.........               (no ring)
                                (no ring)

@: lethally poisoned (-9 -> -30), spider-form (expiring), not resistant to
hostile enchantments, very unstealthy
A: see invisible, (deformed body), (poison resistance), (slowness 0), slow
metabolism 1, spit poison 2, AC +2
a: Spit Poison, End Transformation


You were on level 4 of the Dungeon.
You were very hungry.
You were a venomous arachnid creature.
You visited 1 branch of the dungeon, and saw 4 of its levels.

You collected 192 gold pieces.

Inventory:

Hand Weapons
 i - a cursed -3 short sword
Missiles
 a - 26 arrows
Armour
 b - a +0 robe (melded)
Jewellery
 j - an amulet of guardian spirit (around neck)
 m - an uncursed amulet of guardian spirit
Wands
 n - a wand of slowing (20/48)
 v - a wand of slowing (22/48)
 x - a wand of paralysis (4/24)
Scrolls
 e - 2 scrolls of blinking
 h - a scroll of amnesia {unknown}
 l - 3 scrolls of remove curse
 o - a scroll of magic mapping {unknown}
 p - a scroll of teleportation
 w - a scroll of recharging {unknown}
 y - a scroll of identify {unknown}
Potions
 f - 2 potions of lignification {unknown}
 g - a potion of ambrosia {unknown}
 k - 2 potions of cancellation
 r - a potion of curing {unknown}
 t - a potion of agility {unknown}
Books
 c - a book of Changes

   Spells                             Type                      Level
   a - Beastly Appendage              Transmutation                1
   b - Sticks to Snakes               Transmutation                2
   c - Spider Form                    Transmutation/Poison         3
   d - Ice Form                       Ice/Transmutation            4
   e - Blade Hands                    Transmutation                5
Comestibles
 d - 3 bread rations
 q - 2 meat rations
 s - a royal jelly
 u - 8 fruits


   Skills:
 - Level 1.0 Fighting
 - Level 1.5 Dodging
 - Level 3.0 Unarmed Combat
 - Level 2.0 Spellcasting
 + Level 6.4 Transmutations


You had 3 spell levels left.
You knew the following spells:

 Your Spells              Type           Power        Failure   Level  Hunger
a - Beastly Appendage     Trmt           ###...       8%          1    ##.....
b - Sticks to Snakes      Trmt           ###.....     10%         2    ###....
c - Spider Form           Trmt/Pois      ##........   41%         3    ####...


Dungeon Overview and Level Annotations

Branches:
Dungeon (4/15)             Temple (0/1) D:4

Altars:
Dithmenos
Fedhas
Kikubaaqudgha
Qazlal
Sif Muna
Trog
Xom

Annotations:
D:3 Dickchan's ghost, amateur MfGl


Innate Abilities, Weirdness & Mutations

You cannot wear boots.
((Your serpentine skin is tough (AC +2).))
You have supernaturally acute eyesight.
((Armour fits poorly on your strangely shaped body.))
((Your system is resistant to poisons.))
((You cover ground very slowly.))
You have a slow metabolism.
You can spit poison.


Message History

Casting: Spider Form
Confirm with . or Enter, or press ? or * to list all spells.
You turn into a venomous arachnid creature.
Your +0 robe melds into your body.
The scorpion stings you.
* * * LOW HITPOINT WARNING * * *
You are lethally poisoned!
The scorpion poisons you!
You hit the scorpion.
The scorpion is poisoned.
The scorpion is lightly wounded.
* * * LOW HITPOINT WARNING * * *
You feel very sick. The scorpion stings you.
* * * LOW HITPOINT WARNING * * *
Drink which item? (? for menu, Esc to quit)
It was a potion of cancellation.
Your magical effects are unravelling.
You feel magically purged.
* * * LOW HITPOINT WARNING * * *
You feel sick. The scorpion stings you!
You die...

...####.#######.####...........
......#..>........##†.........#
##.##..........##.............#
#..#####.......####..........##
#.## #.)........##.........#
..# #.......##(.#.........# .##
###......##.#.........# .#
#.####..s...........# .#
#.####.s#.#........## .#
##.##...##s..#.....## .##
#..#..#####..###÷### ..#
##.##...####<.###.(...."S ..##
#..####........###.......
...#####.## #####..............
.#....#..##### ##.###.........
.####...)...... #.# .........
.# ###.####### ... ........


You could see a scorpion.

Vanquished Creatures
  The ghost of Dickchan the Spear-Bearer, a novice MfGl (D:4)
  A giant frog (D:4)
  An orc wizard (D:3)
  A worker ant (D:4)
  3 gnolls (D:2)
  3 adders
  An ooze (D:3)
  A worm (D:3)
  4 dart slugs
  4 giant geckos
  6 orcs (D:3)
  2 giant cockroaches
  7 goblins
  7 hobgoblins
  2 jackals (D:4)
  A ball python (D:1)
  3 bats
  3 giant newts (D:1)
  9 kobolds
  2 quokka skeletons (D:4)
  7 rats
69 creatures vanquished.

Notes
Turn   | Place    | Note
--------------------------------------------------------------
     0 | D:1      | Dickchan the Naga Transmuter began the quest for the Orb.
     0 | D:1      | Reached XP level 1. HP: 18/18 MP: 3/3
   138 | D:1      | Reached XP level 2. HP: 25/25 MP: 5/5
   477 | D:1      | Reached skill level 3 in Transmutations
   900 | D:2      | Reached XP level 3. HP: 26/31 MP: 6/6
  1130 | D:2      | Found a stormy altar of Qazlal.
  1165 | D:2      | Learned a level 2 spell: Sticks to Snakes
  1169 | D:2      | Learned a level 3 spell: Spider Form
  1843 | D:2      | Reached skill level 4 in Transmutations
  2266 | D:3      | Reached XP level 4. HP: 38/38 MP: 0/7
  2375 | D:3      | Found a blossoming altar of Fedhas.
  2378 | D:3      | Found an ancient bone altar of Kikubaaqudgha.
  2381 | D:3      | Found a deep blue altar of Sif Muna.
  2384 | D:3      | Found a shimmering altar of Xom.
  2952 | D:3      | Reached skill level 5 in Transmutations
  2963 | D:3      | Found a shadowy altar of Dithmenos.
  3007 | D:3      | Found a bloodstained altar of Trog.
  3108 | D:3      | Reached XP level 5. HP: 44/44 MP: 8/8
  3296 | D:3      | Noticed Dickchan's ghost (amateur MfGl)
  3509 | D:3      | HP: 2/44 [Dickchan's ghost (7)]
  4404 | D:4      | Reached skill level 6 in Transmutations
  4404 | D:4      | Reached XP level 6. HP: 46/51 MP: 5/9
  4447 | D:4      | Noticed Dickchan's ghost (novice MfGl)
  4459 | D:4      | Killed Dickchan's ghost
  4464 | D:4      | Found a staircase to the Ecumenical Temple.
  5192 | D:4      | HP: 2/51 [scorpion (3)]
  5193 | D:4      | Mangled by a scorpion

Skill      XL: |  1  2  3  4  5 |
---------------+----------------+-----
Transmutations | 3 4 5 6 |  6.4
Fighting       | |  1.0
Dodging        | |  1.5
Unarmed Combat | |  3.0
Spellcasting   | |  2.0

Action                   |  1- 3 |  4- 6 || total
-------------------------+-------+-------++-------
Melee: Unarmed           |   127 |   142 ||   269
       Headbutt          |     6 |       ||     6
       Punch             |     1 |       ||     1
 Cast: Beastly Appendage |    10 |       ||    10
       Spider Form       |     4 |    15 ||    19
       Sticks to Snakes  |     2 |     8 ||    10
 Abil: Spit Poison       |     3 |     5 ||     8
Evoke: Wand              |       |     2 ||     2
  Use: Scroll            |     1 |     2 ||     3
       Potion            |       |     1 ||     1
 Stab: Distracted        |       |     1 ||     1
  Eat: Chunk             |     2 |    11 ||    13
       Pizza             |     1 |       ||     1
Armor: Robe              |    15 |     9 ||    24
       Skin              |       |     7 ||     7
Dodge: Dodged            |    69 |   109 ||   178
